 Dungeon Crawl Stone Soup version 0.21.0-3-g78d12a8 (webtiles) character file.

144 Leibowitz the Sneak (level 5, -3/28 HPs)
             Began as a Kobold Enchanter on Jan 8, 2018.
             Slain by imganon's ghost (19 damage)
             ... on level 4 of the Dungeon.
             The game lasted 00:08:02 (3231 turns).

Leibowitz the Sneak (Kobold Enchanter)              Turns: 3231, Time: 00:08:03

Health: -3/28      AC:  3    Str:  5    XL:     5   Next: 52%
Magic:  6/9        EV: 14    Int: 18    God:
Gold:   127        SH:  0    Dex: 15    Spells: 4/10 levels left

rFire    . . .     SeeInvis .   a - +0 dagger (venom)
rCold    . . .     Gourm    .   (shield restricted)
rNeg     . . .     Faith    .   s - +0 leather armour (curse)
rPois    .         Spirit   .   (no helmet)
rElec    .         Reflect  .   (no cloak)
rCorr    .         Harm     .   (no gloves)
MR       .....                  (no boots)
Stlth    +++.......             (no amulet)
HPRegen  0.09/turn              (no ring)
MPRegen  0.11/turn              (no ring)

@: no status effects
A: small, carnivore
a: no special abilities


You were on level 4 of the Dungeon.
You were very full.

You visited 1 branch of the dungeon, and saw 4 of its levels.

You collected 127 gold pieces.

Inventory:

Hand Weapons
 a - a +0 dagger of venom (weapon)
 h - a +1 dagger
Armour
 q - the +0 ring mail of Etitz {rF+ MR++, unknown}
   (You found it on level 4 of the Dungeon)

   It protects you from fire.
   It affects your resistance to hostile enchantments.
 s - a cursed +0 leather armour (worn)
Scrolls
 b - a scroll of enchant weapon {unknown}
 e - a scroll of magic mapping {unknown}
 f - a scroll of immolation {unknown}
 g - 2 scrolls of remove curse {unknown}
 o - a scroll of teleportation {unknown}
Potions
 i - a potion of berserk rage {unknown}
 k - 2 potions of heal wounds {unknown}
 l - 2 potions of magic {unknown}
 m - a potion of invisibility {unknown}
 n - a potion of haste {unknown}
 p - a potion of ambrosia {unknown}
 r - 3 potions of agility {unknown}
Books
 c - a book of Maledictions

   Spells                             Type                      Level
   a - Corona                         Hexes                        1
   b - Ensorcelled Hibernation        Hexes/Ice                    2
   c - Confuse                        Hexes                        3
   d - Tukima's Dance                 Hexes                        3
   e - Dazzling Spray                 Conjuration/Hexes            3
Comestibles
 d - 7 rations


   Skills:
 + Level 0.2 Fighting
 + Level 2.8 Short Blades
 + Level 2.8 Dodging
 + Level 5.7 Stealth
 + Level 3.1 Spellcasting
 + Level 3.5 Hexes
 + Level 0.2 Ice Magic


You had 4 spell levels left.
You knew the following spells:

 Your Spells              Type           Power        Failure   Level  Hunger
a - Corona                Hex            ###....      6%          1    None
b - Ensorcelled Hibernat  Hex/Ice        #.....       19%         2    ##.....
c - Confuse               Hex            ###.....     19%         3    ###....


Dungeon Overview and Level Annotations

Branches:
Dungeon (4/15)
 Temple: D:4-7

Altars:

Annotations:
D:3 Megalobster's ghost, amateur MiBe
D:4 imganon's ghost, novice DsBe


Innate Abilities, Weirdness & Mutations

You are small and have problems with some larger weapons.
You are carnivorous and can eat meat at any time.


Message History

The orc hits you.
Imganon's ghost lets out a mournful wail.
You barely miss the orc.
The orc is lightly wounded.
The orc hits you.
You hit the orc.
The orc is moderately wounded.
The orc barely misses you.
You hit the orc.
You kill the orc!
Imganon's ghost says, "I'll split you in two!"
Casting: Ensorcelled Hibernation
Confirm with . or Enter, or press ? or * to list all spells.
Aiming: Confuse
Press: ? - help, Shift-Dir - straight line, f - imganon's ghost
Aim: imganon's ghost, wielding a weapon of electrocution (chance to defeat MR: 24%) Imganon's ghost resists with almost no effort.
Imganon's ghost hits you!
You are electrocuted!
Ouch! That really hurt!
You die...

####### ....... .......
....... #####
##.....#########...######
.......>..).............#
#######.########.#.####.#####
#......W@................
#.#.########.#.#####.####
...#†# #.#.# #..# .... #.#
#.#.# ...# ..#.. #.# #.#.#
###.. # #. #.# #.#.# ... #.
#.# #.#.# ...# ... ..#.# .#.#
#.# ###.#


You could see imganon's ghost.

Vanquished Creatures
  Jessica (D:2)
  A howler monkey skeleton (D:3)
  4 adders
  An ooze (D:1)
  A worm (D:2)
  3 dart slugs
  A leopard gecko (D:1)
  5 orcs (D:4)
  2 ball pythons
  7 bats
  3 giant cockroaches
  2 hobgoblins (D:2)
  6 kobolds
  2 quokkas (D:2)
  7 frilled lizards
  6 goblins
  A jackal skeleton (D:2)
  4 rats
57 creatures vanquished.

Notes
Turn   | Place    | Note
-------+----------+-------------------------------------------
     0 | D:1      | Leibowitz the Kobold Enchanter began the quest for the Orb.
     0 | D:1      | Reached XP level 1. HP: 10/10 MP: 3/3
   218 | D:1      | Reached XP level 2. HP: 15/15 MP: 5/5
   537 | D:1      | Learned a level 2 spell: Ensorcelled Hibernation
   772 | D:1      | Reached XP level 3. HP: 19/19 MP: 6/6
   777 | D:1      | Learned a level 3 spell: Confuse
  1504 | D:2      | Noticed Jessica
  1506 | D:2      | Killed Jessica
  1506 | D:2      | Reached skill level 5 in Stealth
  1506 | D:2      | Reached XP level 4. HP: 24/24 MP: 8/8
  1529 | D:2      | HP: 1/24 [worm (9)]
  2331 | D:3      | Reached XP level 5. HP: 13/28 MP: 1/9
  2514 | D:3      | Noticed Megalobster's ghost (amateur MiBe)
  2789 | D:4      | Got a faintly glowing ring mail
  3206 | D:4      | Noticed imganon's ghost (novice DsBe)
  3231 | D:4      | Slain by imganon's ghost

Skill      XL: |  1  2  3  4  5 |
---------------+----------------+-----
Short Blades   | 2 |  2.8
Stealth        | 5 |  5.7
Spellcasting   | 3 |  3.1
Fighting       | |  0.2
Dodging        | |  2.8
Hexes          | |  3.5
Ice Magic      | |  0.2

Action                   |  1- 3 |  4- 6 || total
-------------------------+-------+-------++-------
Melee: Dagger            |    68 |   109 ||   177
 Cast: Corona            |     9 |     2 ||    11
       Ensorcelled Hiber |     6 |     8 ||    14
       Confuse           |     3 |     8 ||    11
  Use: Scroll            |       |     2 ||     2
       Potion            |       |     1 ||     1
 Stab: Sleeping          |    10 |    14 ||    24
       Confused          |     2 |     3 ||     5
       Distracted        |     1 |     1 ||     2
  Eat: Chunk             |    10 |     7 ||    17
Armor: Robe              |     9 |     9 ||    18
       Leather armour    |       |     2 ||     2
Dodge: Dodged            |    46 |    58 ||   104
